AoeStats
← Zumoshi

Hideout

509583493Analyzed
1v1 RM · 6d ago on Sep 27, 2026· 64m 19s· 2 players
Game mode
Random Map
Map size
Tiny (2 player)
Population
200
Speed
Normal
Resources
Standard
Victory
Conquest
Starting age
Dark Age
Ending age
Imperial Age
RankedLock teamsTeams togetherTeam positionsShared explorationLock speedFull tech treeHidden civsTurbo modeCheats
Victory
Defeat
🇮🇱 Khitans · Israel
1162
+16
🇬🇧 Cumans · United Kingdom
1153
-16
Edison
7:10 Loom
9:14 Feudal Age
10:12 Double-Bit Axe
12:15 Wheelbarrow
11:27 Town Watch
12:11 Horse Collar
25:51 Castle Age
24:22 Fletching
24:59 Scale Barding Armor
25:43 Gold Mining
25:44 Stone Mining
26:16 Forging
26:36 Bloodlines
28:18 Iron Casting
28:16 Chain Barding Armor
28:14 Bodkin Arrow
28:58 Bow Saw
28:50 Heavy Plow
29:45 Gold Shaft Mining
34:33 Imperial Age
32:21 Bodkin Arrow
32:28 Padded Archer Armor
33:37 Hand Cart
34:10 Leather Archer Armor
34:09 Masonry
33:57 Capped Ram
34:49 Cavalier
36:12 Plate Barding Armor
35:54 Town Patrol
37:43 Blast Furnace
37:12 Herbal Medicine
37:28 Fervor
38:23 Ring Archer Armor
38:38 Cuman Mercenaries
39:42 Crop Rotation
39:23 Steppe Husbandry
39:43 Conscription
39:59 Hoardings
39:33 Murder Holes
39:59 Ballistics
41:11 Two-Man Saw
40:09 Light Cavalry
41:22 Thumb Ring
42:09 Hussar
44:20 Parthian Tactics
43:23 Man-at-Arms
44:03 Squires
43:49 Arson
44:00 Elite Kipchak
45:13 Scale Mail Armor
44:34 Long Swordsman
47:35 Chain Mail Armor
46:41 Two-Handed Swordsman
46:42 Pikeman
50:07 Halberdier
50:07 Champion
53:20 Plate Mail Armor
Zumoshi
8:07 Loom
10:03 Feudal Age
10:43 Double-Bit Axe
12:50 Man-at-Arms
14:26 Arson
15:54 Forging
17:36 Scale Mail Armor
22:05 Castle Age
22:16 Domestication
23:04 Bow Saw
23:53 Wheelbarrow
23:56 Pastoralism
24:55 Squires
26:14 Chain Mail Armor
28:22 Chain Mail Armor
28:43 Iron Casting
29:32 Hand Cart
29:12 Gold Mining
29:15 Stone Mining
33:33 Stone Shaft Mining
34:15 Lamellar Armor
34:47 Murder Holes
38:24 Imperial Age
37:43 Fervor
38:39 Fletching
40:03 Plate Mail Armor
39:30 Bodkin Arrow
39:58 Conscription
39:43 Town Watch
39:58 Murder Holes
40:10 Siege Engineers
40:16 Masonry
39:47 Treadmill Crane
40:19 Fortified Wall
40:49 Town Patrol
40:54 Padded Archer Armor
41:03 Scale Barding Armor
42:00 Two-Man Saw
41:48 Transhumance
41:49 Elite Liao Dao
43:52 Husbandry
43:15 Light Cavalry
45:12 Chain Barding Armor
44:53 Bracer
44:29 Hussar
45:19 Ordo Cavalry
46:44 Thumb Ring
46:00 Elite Skirmisher
46:45 Padded Archer Armor
47:21 Plate Barding Armor
53:31 Leather Archer Armor
55:22 Ballistics
56:02 Chemistry
57:20 Heavy Rocket Cart
65:19 Ring Archer Armor
Connection lost

Rejoining the realm…

Still unreachable

The connection could not be restored.

Session expired

The server has moved on; the page needs a fresh start.